 Dungeon Crawl Stone Soup version 0.30-a0-900-g23479c02f2 (webtiles) character file.

Game seed: 9854793712327729475

8138 buddhastalin the Fighter (level 11, -5/101 HPs)
             Began as a Demonspawn Gladiator on Mar 18, 2023.
             Was an Elder of Okawaru.
             Slain by an orange demon (12 damage)
             ... summoned by a kobold demonologist
             ... on level 10 of the Dungeon.
             The game lasted 00:30:28 (9964 turns).

buddhastalin the Fighter (Demonspawn Gladiator)     Turns: 9964, Time: 00:30:29

Health: -5/101     AC:  7    Str: 17      XL:     11   Next: 6%
Magic:  10/17      EV: 10    Int: 23      God:    Okawaru [****..]
Gold:   263        SH:  0    Dex: 12 (13) Spells: 9/10 levels left

rFire   . . .      SeeInvis .    a - +0 trident (elec)
rCold   . . .      Faith    .    (no shield)
rNeg    . . .      Spirit   .    C - +1 plate armour {rPois}
rPois   +          Reflect  .    r - +0 helmet
rElec   +          Rampage  .    D - +1 cloak
rCorr   .                        (gloves unavailable)
Will    .....                    (no boots) Stlth
                                 (no amulet)
HPRegen 0.36/turn                v - +4 ring of protection
MPRegen 0.15/turn                q - +6 ring of intelligence

@: heroic, finesse-ful, corroded, slowed, very slow
A: repulsion field 1, foul stench 1, powered by death 1, demonic touch 3, clever
1, high MP 1, robust 1, electricity resistance, strong 1
a: Renounce Religion, Heroism, Finesse


You were on level 10 of the Dungeon.
You worshipped Okawaru.
Okawaru was greatly pleased with you.
You visited 3 branches of the dungeon, and saw 12 of its levels.
You also visited: Ossuary and Bailey.

You collected 783 gold pieces.
You spent 520 gold pieces at shops.

Inventory:

Hand Weapons
 a - a +0 trident of electrocution (weapon)
 p - a +2 vampiric spear
Missiles
 d - 3 throwing nets
 e - 4 javelins
 F - 2 poisoned darts (quivered)
Armour
 r - a +0 helmet (worn)
 C - a +1 plate armour of poison resistance (worn)
 D - a +1 cloak (worn)
Jewellery
 q - a +6 ring of intelligence (right hand)
 v - a +4 ring of protection (left hand)
Wands
 b - a wand of light (9)
 c - a wand of roots (9)
 u - a wand of polymorph (13)
 E - a wand of paralysis (5)
 I - a wand of digging (4)
Scrolls
 f - 3 scrolls of teleportation
 g - 2 scrolls of enchant weapon
 i - 3 scrolls of identify
 j - a scroll of brand weapon
 t - 2 scrolls of amnesia
 y - a scroll of enchant armour
 H - 3 scrolls of poison
Potions
 h - a potion of berserk rage
 k - 4 potions of might
 l - 6 potions of attraction
 m - 6 potions of brilliance
 n - 2 potions of invisibility
 o - 3 potions of heal wounds
 s - 7 potions of curing
 w - 4 potions of lignification
 x - 6 potions of resistance
 z - a potion of cancellation
 A - 2 potions of haste
 B - a potion of magic
 G - 2 potions of flight


   Skills:
 * Level 10.5(15.5) Fighting
 * Level 9.9(14.9) Polearms
 - Level 1.7(6.7) Throwing
 + Level 4.8(9.8) Armour
 - Level 5.0(10.0) Dodging
 + Level 7.0 Invocations


You had 9 spell levels left.
You knew the following spells:

 Your Spells              Type           Power      Damage    Failure   Level
a - Apportation           Tloc           0%         N/A       99%         1

Your spell library contained the following spells:

 Spells                   Type           Power      Damage    Failure   Level
 Kiss of Death            Conj/Necr      0%         2d5       99%         1
 Necrotise                Necr           0%         1d4       99%         1
 Cigotuvi's Dreadful Rot  Necr/Pois/Air  0%         N/A       99%         2
 Confusing Touch          Hex            0%         N/A       100%        3
 Ignite Poison            Fire/Tmut/Pois 0%         N/A       100%        3
 Kindle Blastsparks       Fire/Tloc/Air  0%         2d10      100%        3
 Cause Fear               Hex            0%         N/A       100%        4
 Dispel Undead            Necr           0%         3d6       100%        4
 Agony                    Necr           0%         N/A       100%        5
 Freezing Cloud           Conj/Ice/Air   0%         6-21      100%        5
 Yara's Violent Unravell  Hex/Tmut       0%         3d3       100%        5
 Dragon Form              Tmut           0%         N/A       100%        7
 Enfeeble                 Hex            0%         N/A       100%        7
 Orb of Destruction       Conj           0%         9d5       100%        7
 Necromutation            Tmut/Necr      0%         N/A       100%        8
 Summon Small Mammal      Summ           Unusable   N/A       N/A         1
 Summon Guardian Golem    Hex/Summ       Unusable   N/A       N/A         3
 Animate Dead             Necr           Unusable   N/A       N/A         4
 Spellforged Servitor     Conj/Summ      Unusable   N/A       N/A         7
 Dragon's Call            Summ           Unusable   N/A       N/A         9

Dungeon Overview and Level Annotations

Branches:
Dungeon (10/15)            Temple (1/1) D:4            Lair (1/5) D:8
Ossuary (visited)          Bailey (visited)
    Orc: D:9-12

Altars:
Ashenzari
Cheibriados
Dithmenos
Fedhas
Gozag
Hepliaklqana
Kikubaaqudgha
Makhleb
Okawaru
Qazlal
Ru
Sif Muna
Uskayaw
Vehumet
Wu Jian
Xom
Yredelemnul

Shops:
D:2 ?   D:5 (*   D:8 [[   D:10 ([

Annotations:
D:4 2 runed translucent doors, buddhastalin's ghost, amateur DsGl


Innate Abilities, Weirdness & Mutations

You are surrounded by a mild repulsion field. (EV +2)
You may rarely emit foul miasma when damaged in melee.
You regenerate a little health from kills.
Your touch may irresistibly damage your foes and sap their willpower.
Your mind is acute. (Int +4, Str/Dex -1)
You have an increased reservoir of magic. (+10% MP)
You are robust. (+10% HP)
You are resistant to electric shocks. (rElec)
Your muscles are strong. (Str +4, Int/Dex -1)


Message History

The quasit claws you but does no damage. x2
The orange demon stings you from afar!
* * * LOW HITPOINT WARNING * * *
The white imp hits you but does no damage.
The crimson imp closely misses you.
The quasit bites you but does no damage.
The quasit claws you but does no damage.
The quasit closely misses you. The wraith closely misses you.
The kobold hits you with a +0 dagger.
* * * LOW HITPOINT WARNING * * *
The kobold demonologist hits you with a +0 dagger.
* * * LOW HITPOINT WARNING * * *
The orange demon stings you from afar!
* * * LOW HITPOINT WARNING * * *
You feel much better. The quasit closely misses you. The quasit claws you.
* * * LOW HITPOINT WARNING * * *
The quasit claws you but does no damage.
The white imp gestures at you. The puff of frost hits you.
* * * LOW HITPOINT WARNING * * *
The crimson imp blinks!
The wraith misses you. The kobold hits you but does no damage.
The kobold demonologist closely misses you.
The orange demon stings you from afar!
* * * LOW HITPOINT WARNING * * *
The quasit bites you but does no damage.
The quasit claws you but does no damage. x2
The white imp gestures at you.
The puff of frost hits you but does no damage.
The crimson imp shouts, "Back with thee, thou horrid folly-fallen flirt-gill!"
The kobold closely misses you.
The kobold demonologist casts a spell.
The wraith closely misses you. The kobold hits you but does no damage.
You puncture the kobold demonologist!
Lightning courses through the kobold demonologist!
Your touch misses the kobold demonologist.
Your punch misses the kobold demonologist.
The kobold demonologist is heavily wounded.
The orange demon stings you from afar!
You die...

##...).............#
##....)..............
##....................
##.....................
##.5.....§§.............
##....)...§≈§............
##...(....≈§≈≈§§..........
#.........5§§§≈§..........
#........K@W§§§§§§........≈
#........3K5K§§§.§§....
#.........4.......§....
#......................
#......§...............
........:.............
.....§≈S.............
§≈≈............


You could see an orange demon (summoned), a kobold demonologist, a sixfirhy
(summoned), a wraith, a lava snake, a quasit (summoned), a crimson imp
(summoned), a white imp (summoned) and 2 kobolds.

Vanquished Creatures
  A two-headed ogre (D:9)
  Amaemon (D:9)
  Pikel (D:5)
  Maurice (D:8)
  3 cane toads (Lair:1)
  An orange demon (D:9)
  2 kobold demonologists (D:10)
  2 trolls (D:9)
  A shadow (D:9)
  Sigmund (D:5)
  5 yaks (D:8)
  A wyvern (D:10)
  3 water moccasins
  A black bear (D:6)
  2 orc warriors
  An ice beast (D:6)
  A centaur (D:6)
  2 ogres
  A lemure (D:4)
  2 phantoms (D:5)
  6 bullfrogs
  Blork the orc (D:5)
  A gnoll sergeant (D:10)
  2 scorpions
  3 howler monkeys (D:8)
  8 hounds
  3 jellies
  2 orc priests
  2 iguanas
  2 sleepcaps
  4 orc wizards
  9 mummies
  Robin (D:3)
  22 gnolls
  8 adders
  A shadow imp (D:5)
  An ufetubus (D:7)
  A worm (D:2)
  3 dart slugs
  29 orcs
  9 ball pythons
  6 bats
  2 endoplasms
  7 giant cockroaches
  4 gnoll zombies (Ossuary)
  21 goblins
  15 hobgoblins
  5 jackals
  6 kobolds
  4 quokkas
  3 frilled lizards
  2 hobgoblin zombies
  3 kobold zombies
  An orc zombie (Ossuary)
  8 rats
238 creatures vanquished.

Notes
Turn   | Place    | Note
-------+----------+-------------------------------------------
     0 | D:1      | buddhastalin the Demonspawn Gladiator began the quest for
                  | the Orb.
     0 | D:1      | Reached XP level 1. HP: 16/16 MP: 1/1
   134 | D:1      | Gained mutation: Your touch may inflict minor irresistible
                  | damage on your foes. [demonic ancestry]
   134 | D:1      | Reached XP level 2. HP: 22/22 MP: 2/2
   759 | D:2      | Gained mutation: Your touch may inflict irresistible damage
                  | on your foes. [demonic ancestry]
   759 | D:2      | Reached XP level 3. HP: 27/28 MP: 3/3
   792 | D:2      | Found Sucet's Magic Scroll Shop.
   811 | D:2      | Bought a scroll of identify for 20 gold pieces
   912 | D:2      | Gained mutation: You are resistant to electric shocks.
                  | (rElec) [potion of mutation]
   912 | D:2      | Gained mutation: Your mind is acute. (Int +4, Str/Dex -1)
                  | [potion of mutation]
   912 | D:2      | Gained mutation: You are robust. (+10% HP) [potion of
                  | mutation]
   912 | D:2      | Gained mutation: You have hidden genetic potential. [potion
                  | of mutation]
  1135 | D:2      | Reached skill level 3 in Fighting
  1500 | D:2      | Gained mutation: You regenerate a little health from kills.
                  | [demonic ancestry]
  1500 | D:2      | Reached XP level 4. HP: 38/38 MP: 4/4
  1514 | D:2      | Gained mutation: You have an increased reservoir of magic.
                  | (+10% MP) [hidden potential]
  1532 | D:2      | Got the Quarto of the Mausoleum
  2235 | D:3      | Noticed Robin
  2256 | D:3      | Gained mutation: You are surrounded by a mild repulsion
                  | field. (EV +2) [demonic ancestry]
  2256 | D:3      | Reached XP level 5. HP: 45/45 MP: 5/5
  2273 | D:3      | Gained mutation: Your muscles are strong. (Str +4, Int/Dex
                  | -1) [hidden potential]
  2273 | D:3      | Lost mutation: You have hidden genetic potential. [hidden
                  | potential expressed]
  2286 | D:3      | Killed Robin
  2398 | D:3      | Learned a level 1 spell: Apportation
  2658 | D:4      | Noticed an ogre
  2679 | D:4      | Killed an ogre
  2680 | D:4      | Reached skill level 4 in Fighting
  2791 | D:4      | Reached XP level 6. HP: 49/52 MP: 6/6
  3100 | D:4      | Found a large runed translucent door.
  3101 | D:4      | Found a large runed translucent door.
  3317 | D:4      | Found a staircase to the Ecumenical Temple.
  3343 | Temple   | Entered the Ecumenical Temple
  3399 | Temple   | Became a worshipper of Warmaster Okawaru
  3488 | D:4      | Reached skill level 5 in Polearms
  3571 | D:4      | Noticed buddhastalin's ghost (amateur DsGl)
  3721 | D:5      | Entered Level 5 of the Dungeon
  3724 | D:5      | Noticed Blork the orc
  3739 | D:5      | Reached skill level 5 in Fighting
  3739 | D:5      | Reached XP level 7. HP: 38/61 MP: 7/7
  3754 | D:5      | Killed Blork the orc
  3888 | D:5      | Found Ruptuid's Assorted Antiques.
  3890 | D:5      | Noticed Sigmund
  3913 | D:5      | Killed Sigmund
  3913 | D:5      | Reached * piety under Okawaru
  4036 | D:5      | Reached skill level 6 in Fighting
  4098 | D:5      | Reached XP level 8. HP: 70/70 MP: 8/8
  4101 | D:5      | Noticed Pikel
  4485 | D:5      | Killed Pikel
  4485 | D:5      | Reached ** piety under Okawaru
  4486 | D:5      | Reached skill level 5 in Dodging
  4685 | D:5      | Reached skill level 7 in Fighting
  4888 | D:5      | Found Anuunozu's Antique Weapon Emporium.
  5025 | D:6      | Found a sand-covered staircase.
  5061 | Ossuary  | Entered an ossuary
  5291 | Ossuary  | Reached skill level 1 in Invocations
  5668 | D:6      | Reached skill level 1 in Armour
  5867 | D:6      | Gained mutation: Your touch may irresistibly damage your
                  | foes and sap their willpower. [demonic ancestry]
  5867 | D:6      | Reached XP level 9. HP: 73/79 MP: 11/11
  6374 | D:7      | Found a flagged portal.
  6389 | Bailey   | Entered a bailey
  6806 | D:7      | Reached skill level 8 in Fighting
  7409 | D:8      | Found Izim's Armour Boutique.
  7415 | D:8      | Bought a +1 plate armour of poison resistance for 320 gold
                  | pieces
  7441 | D:8      | Reached *** piety under Okawaru
  7449 | D:8      | Found Ber Bip's Weapon Emporium.
  7475 | D:8      | Noticed Maurice
  7495 | D:8      | Killed Maurice
  7534 | D:8      | Identified the +2 leather armour "Ubbeqaki" {rN+ Str-5
                  | Int+2 Dex+5}
  7605 | D:8      | Found Ostror's Antique Armour Boutique.
  7706 | D:8      | Reached skill level 9 in Fighting
  7709 | D:8      | Reached skill level 5 in Invocations
  7709 | D:8      | Gained mutation: You may rarely emit foul miasma when
                  | damaged in melee. [demonic ancestry]
  7709 | D:8      | Reached XP level 10. HP: 74/91 MP: 13/15
  7737 | D:8      | Bought a pair of spiked boots for 180 gold pieces
  7737 | D:8      | Identified the +0 pair of boots of Broken Taboos {rC- Str+8
                  | Int+3} (You bought it in a shop on level 8 of the Dungeon)
  7773 | D:8      | Found an opulent altar of Gozag.
  7917 | D:8      | Found a staircase to the Lair.
  7973 | Lair:1   | Entered Level 1 of the Lair of Beasts
  7984 | Lair:1   | Noticed a cane toad
  7992 | Lair:1   | Reached **** piety under Okawaru
  8001 | Lair:1   | Killed a cane toad
  8211 | Lair:1   | Noticed a cane toad
  8211 | Lair:1   | Noticed a cane toad
  8232 | Lair:1   | Killed a cane toad
  8235 | Lair:1   | Killed a cane toad
  8396 | D:9      | Noticed Amaemon
  8396 | D:9      | Noticed an orange demon
  8547 | D:9      | Noticed a two-headed ogre
  8559 | D:9      | Killed a two-headed ogre
  8829 | D:9      | Killed Amaemon
  8830 | D:9      | Reached skill level 10 in Fighting
  8838 | D:9      | Killed an orange demon
  9003 | D:9      | Found a shadowy altar of Dithmenos.
  9414 | D:10     | Entered Level 10 of the Dungeon
  9427 | D:10     | Found Xaodoj's Antique Weapon Boutique.
  9431 | D:10     | Found Hashrek's Antique Armour Emporium.
  9508 | D:10     | Reached ***** piety under Okawaru
  9627 | D:10     | Noticed an orange demon
  9628 | D:10     | Noticed a sun demon
  9941 | D:10     | Noticed a rust devil
  9947 | D:10     | Noticed an orange demon
  9948 | D:10     | Reached XP level 11. HP: 48/101 MP: 9/17
  9964 | D:10     | Noticed a sixfirhy
  9964 | D:10     | Slain by an orange demon

Illustrated notes

Levels and vault maps discovered:
D:1:      mrwooster_arrival_statue_3, layout_loops_cross
D:2:      kennysheep_big_flooded_room, layout_basic, serial_shops,
          shop_fountains
D:3:      kennysheep_six_static_rooms, layout_basic, kennysheep_generic_room_2,
          uniq_robin
D:4:      layout_cave_pods, minmay_temple_entry_slanted,
          ebering_ghost_disaster_area, hangedman_decor_growths
D:5:      layout_rooms, serial_shops, shop, shop, minmay_misc_feat_tiny,
          st_stairs_6, uniq_sigmund, uniq_blork_the_orc, uniq_pikel
D:6:      layout_loops_cross, nicolae_ossuary_entry_giza
D:7:      layout_loops_ring, enter_bailey_3
D:8:      layout_cave_pools, grunt_gozag_statues, lair_entry_dummy,
          serial_shops, shop, nicolae_stop_n_shop_2, nicolae_shop_crystal,
          uniq_maurice
D:9:      layout_stronghold, grunt_dithmenos_shadows, uniq_amaemon
D:10:     layout_big_octagon, orc_david_3, nicolae_wooded_promenade
Temple:   nicolae_temple_bog_church
Lair:1:   lemuel_reptile_caves, layout_cave_pods, lemuel_fruit_fields

Skill      XL: |  1  2  3  4  5  6  7  8  9 10 |
---------------+-------------------------------+-----
Polearms       | 3 4 5 6 7 8 9 |  9.9
Dodging        | 3 4 5 |  5.0
Fighting       | 3 4 5 6 7 9 10 | 10.5
Invocations    | 2 5 7 |  7.0
Armour         | 1 3 4 |  4.8
Throwing       | |  1.7

Action                     |  1- 3 |  4- 6 |  7- 9 | 10-12 || total
---------------------------+-------+-------+-------+-------++-------
  Melee: Trident           |   114 |    54 |   197 |   167 ||   532
         Touch             |    14 |    24 |    53 |    23 ||   114
         Spear             |       |   161 |   202 |       ||   363
         Punch             |       |     4 |     8 |     1 ||    13
         Unarmed           |       |       |    36 |       ||    36
 Invoke: Heroism           |       |       |     2 |     3 ||     5
         Finesse           |       |       |       |     2 ||     2
    Use: Scroll            |     1 |     5 |    20 |     1 ||    27
         Potion            |     1 |       |     1 |     2 ||     4
   Stab: Sleeping          |     2 |       |       |       ||     2
 Armour: Leather armour    |    27 |    24 |       |       ||    51
         Chain mail        |       |    25 |    96 |       ||   121
         Plate armour      |       |       |    16 |   131 ||   147
  Dodge: Dodged            |    59 |    89 |   165 |    72 ||   385

Table legend: (Time is in decaauts)
 A = Elapsed time spent in this place.
 B = Non-inter-level travel time spent in this place.
 C = Inter-level travel time spent in this place.
 D = Time resting spent in this place.
 E = Time spent auto-exploring this place.
 F = Levels seen in this place.
 G = Mean time per level.
                   A        B        C        D        E       F      G
               +--------+--------+--------+--------+--------+-----+--------+
         Total |   9860 |   9516 |    344 |   1638 |   5704 |  14 |  704.3 |
       Dungeon |   8592 |   8264 |    328 |   1077 |   5585 |  10 |  859.2 |
        Temple |     74 |     58 |     16 |      0 |     44 |   1 |   74.0 |
          Lair |    395 |    395 |      0 |    325 |     16 |   1 |  395.0 |
       Ossuary |    529 |    529 |      0 |    236 |     58 |   1 |  529.0 |
        Bailey |    268 |    268 |      0 |      0 |      0 |   1 |  268.0 |
               +--------+--------+--------+--------+--------+-----+--------+

Top non-repeatable levels by time:
     D:4: 1353 daAuts
     D:9: 1178 daAuts
     D:2: 952 daAuts
     D:5: 951 daAuts
     D:3: 901 daAuts
     D:6: 832 daAuts
     D:7: 767 daAuts
     D:1: 724 daAuts
     D:8: 585 daAuts
 Ossuary: 529 daAuts
  Lair:1: 395 daAuts
    D:10: 345 daAuts
  Bailey: 268 daAuts
  Temple: 74 daAuts
